General information
- name: BNet
- type: Ladder team game (AT/RT)
- host: Battle.net
- saver: fineX.
map: RiceFields
- players: 6
- length: 68:01
- speed: Fast
- version: 1.21 W3XP
- replay type: Public
» download(400 KB)
Players
team 1 (winner)
digitaljesus (
orange | 59 APM | 3989 actions | 67:59)
10 Warden
3 Shadow Strike
3 Blink
1 Spirit of Vengeance
3 Fan of Knives
» actions
| Assign group hotkey | 9 | |
| Basic commands | 63 | |
| Build / train | 68 | |
| Enter build submenu | 21 | |
| Enter hero's abilities submenu | 9 | |
| Give item / drop item | 9 | |
| Remove unit from queue | 2 | |
| Right click | 2856 | |
| Select / deselect | 622 | |
| Select group hotkey | 8 | |
| Use ability | 322 | |
3989 total
» units
» upgrades
| Well Spring | 1 | |
| Corrosive Breath | 1 | |
| Strength of the Wild | 3 | |
| Reinforced Hides | 3 | |
8 total
» buildings
| Altar of Elders | 1 | |
| Moon Well | 25 | |
| Tree of Ages | 1 | |
| Tree of Eternity | 1 | |
| Hunter's Hall | 1 | |
| Ancient of Wind | 1 | |
| Chimaera Roost | 3 | |
| Tree of Life | 1 | |
34 total
» build order
00:19 Altar of Elders
00:28 Moon Well
01:45 Moon Well
03:37 Tree of Ages
04:51 Moon Well
04:52 Moon Well
04:53 Moon Well
04:54 Moon Well
05:20 Moon Well
05:23 Moon Well
05:25 Moon Well
06:30 Moon Well
06:31 Moon Well
06:32 Moon Well
06:58 Tree of Eternity
09:18 Hunter's Hall
09:42 Ancient of Wind
11:20 Chimaera Roost
11:29 Chimaera Roost
11:30 Chimaera Roost
12:28 Moon Well
12:36 Moon Well
13:31 Moon Well
14:31 Moon Well
14:31 Moon Well
14:33 Moon Well
14:34 Moon Well
15:24 Moon Well
17:55 Moon Well
17:56 Moon Well
17:57 Moon Well
18:28 Moon Well
18:29 Moon Well
43:33 Tree of Life
» items
| Orb of Frost | 3 | |
| Claws of Attack +15 | 4 | |
| Gloves of Haste | 1 | |
8 total
erz (
red | 104 APM | 7051 actions | 67:59)
10 Blademaster
3 Wind Walk
3 Critical Strike
1 Bladestorm
3 Mirror Image
» actions
| Assign group hotkey | 2032 | |
| Basic commands | 225 | |
| Build / train | 122 | |
| ESC pressed | 9 | |
| Enter build submenu | 48 | |
| Enter hero's abilities submenu | 10 | |
| Give item / drop item | 7 | |
| Remove unit from queue | 7 | |
| Right click | 2334 | |
| Select / deselect | 497 | |
| Select group hotkey | 1473 | |
| Use ability | 287 | |
7051 total
» units
| Peon | 17 | |
| Wind Rider | 10 | |
| Troll Batrider | 6 | |
| Troll Headhunter/Berserker | 7 | |
| Shaman | 3 | |
| Troll Witch Doctor | -1 | |
| Spirit Walker | 1 | |
| Kodo Beast | 1 | |
| Tauren | 5 | |
| Demolisher | 3 | |
52 total
» upgrades
| Liquid Fire | 2 | |
| Reinforced Defenses | 1 | |
| Envenomed Spears | 1 | |
| Ranged Weapons | 3 | |
| Armor | 3 | |
| Pulverize | 1 | |
| Shaman Training | 2 | |
| Witch Doctor Training | 2 | |
| Spirit Walker Training | 2 | |
| Ensnare | 1 | |
| War Drums Damage Increase | 1 | |
| Troll Regeneration | 1 | |
| Berserker Upgrade | 1 | |
| Melee Weapons | 1 | |
| Burning Oil | 1 | |
23 total
» buildings
| Altar of Storms | 1 | |
| Orc Burrow | 8 | |
| War Mill | 1 | |
| Watch Tower | 49 | |
| Voodoo Lounge | 2 | |
| Stronghold | 1 | |
| Fortress | 1 | |
| Beastiary | 3 | |
| Spirit Lodge | 2 | |
| Tauren Totem | 2 | |
| Barracks | 2 | |
72 total
» build order
00:07 Altar of Storms
00:21 Orc Burrow
00:32 War Mill
01:24 Orc Burrow
01:45 Watch Tower
01:46 Watch Tower
02:15 Watch Tower
02:26 Watch Tower
02:36 Watch Tower
02:38 Watch Tower
02:38 Watch Tower
02:39 Watch Tower
02:56 Watch Tower
02:57 Watch Tower
02:58 Watch Tower
02:58 Watch Tower
02:59 Watch Tower
02:59 Watch Tower
03:24 Watch Tower
03:25 Watch Tower
03:26 Watch Tower
03:28 Watch Tower
03:40 Watch Tower
03:41 Watch Tower
03:41 Watch Tower
03:42 Watch Tower
03:42 Watch Tower
03:42 Watch Tower
04:26 Voodoo Lounge
04:29 Stronghold
04:47 Watch Tower
04:48 Watch Tower
04:49 Watch Tower
05:44 Orc Burrow
07:07 Fortress
07:10 Beastiary
07:11 Beastiary
07:38 Watch Tower
07:39 Watch Tower
07:39 Watch Tower
07:40 Watch Tower
07:40 Watch Tower
07:41 Watch Tower
11:55 Watch Tower
11:57 Watch Tower
11:57 Watch Tower
11:59 Watch Tower
12:00 Watch Tower
12:04 Watch Tower
12:05 Watch Tower
14:10 Voodoo Lounge
14:26 Watch Tower
14:28 Watch Tower
14:29 Watch Tower
14:30 Watch Tower
14:31 Watch Tower
15:04 Watch Tower
15:05 Watch Tower
15:06 Watch Tower
17:52 Watch Tower
21:16 Spirit Lodge
21:18 Spirit Lodge
21:20 Beastiary
21:24 Tauren Totem
21:44 Orc Burrow
21:45 Orc Burrow
21:46 Orc Burrow
21:47 Orc Burrow
21:49 Orc Burrow
30:52 Tauren Totem
32:44 Barracks
32:45 Barracks
» items
| Slippers of Agility +3 | 1 | |
| Healing Salve | 1 | |
| Lesser Clarity Potion | 5 | |
| Scroll of Speed | 2 | |
| Tiny Great Hall | 1 | |
| Orb of Lightning | 1 | |
| Scroll of Town Portal | 3 | |
| Claws of Attack +15 | 6 | |
| Potion of Greater Healing | 1 | |
| Claws of Attack +6 | 1 | |
| Gloves of Haste | 1 | |
| Potion of Healing | 2 | |
| Potion of Invulnerability | 1 | |
26 total
fineX. (
blue | 70 APM | 4736 actions | 68:01)
9 Blademaster
3 Wind Walk
2 Critical Strike
1 Bladestorm
3 Mirror Image
» actions
| Assign group hotkey | 229 | |
| Basic commands | 2 | |
| Build / train | 66 | |
| Enter build submenu | 45 | |
| Enter hero's abilities submenu | 9 | |
| Give item / drop item | 5 | |
| Remove unit from queue | 1 | |
| Right click | 2777 | |
| Select / deselect | 398 | |
| Select group hotkey | 804 | |
| Use ability | 400 | |
4736 total
» units
» upgrades
| Ranged Weapons | 3 | |
| Liquid Fire | 1 | |
| Reinforced Defenses | 1 | |
5 total
» buildings
| Altar of Storms | 1 | |
| Orc Burrow | 4 | |
| War Mill | 1 | |
| Watch Tower | 31 | |
| Stronghold | 1 | |
| Voodoo Lounge | 1 | |
| Beastiary | 2 | |
| Fortress | 1 | |
| Great Hall | 1 | |
43 total
» build order
00:06 Altar of Storms
00:08 Orc Burrow
00:41 War Mill
02:07 Watch Tower
02:13 Watch Tower
02:51 Watch Tower
03:24 Stronghold
04:03 Watch Tower
04:32 Watch Tower
04:42 Orc Burrow
05:02 Voodoo Lounge
05:11 Watch Tower
05:33 Watch Tower
05:38 Watch Tower
05:50 Watch Tower
05:51 Watch Tower
06:00 Beastiary
06:05 Fortress
06:10 Beastiary
06:31 Watch Tower
06:59 Watch Tower
07:01 Watch Tower
08:18 Watch Tower
08:59 Orc Burrow
09:01 Orc Burrow
14:10 Watch Tower
14:11 Watch Tower
14:13 Watch Tower
14:13 Watch Tower
14:15 Watch Tower
14:15 Watch Tower
16:05 Watch Tower
16:07 Watch Tower
16:08 Watch Tower
16:09 Watch Tower
17:54 Watch Tower
17:56 Watch Tower
20:08 Great Hall
20:11 Watch Tower
20:11 Watch Tower
20:13 Watch Tower
20:15 Watch Tower
20:16 Watch Tower
» items
| Healing Salve | 1 | |
| Lesser Clarity Potion | 1 | |
| Gloves of Haste | 1 | |
| Potion of Healing | 1 | |
| Potion of Mana | 1 | |
| Orb of Lightning | 1 | |
| Kelen's Dagger of Escape | 1 | |
| Potion of Invulnerability | 1 | |
| Claws of Attack +15 | 2 | |
10 total
team 2 (loser)
Computer(Suck) (
pink | 65 APM | 3286 actions | 50:38)
5 Death Knight
3 Death Coil
2 Unholy Aura
5 Lich
3 Frost Nova
2 Dark Ritual
2 Dreadlord
1 Sleep
1 Vampiric Aura
» actions
| Assign group hotkey | 227 | |
| Basic commands | 357 | |
| Build / train | 108 | |
| ESC pressed | 5 | |
| Enter build submenu | 43 | |
| Enter hero's abilities submenu | 12 | |
| Give item / drop item | 5 | |
| Right click | 734 | |
| Select / deselect | 682 | |
| Select group hotkey | 919 | |
| Use ability | 193 | |
3286 total
» units
| Acolyte | 21 | |
| Ghoul | 4 | |
| Crypt Fiend | 14 | |
| Obsidian Statue | 4 | |
| Meatwagon | 1 | |
| Gargoyle | 2 | |
| Frost Wyrm | 4 | |
50 total
» upgrades
| Creature Attack | 3 | |
| Web | 1 | |
| Creature Carapace | 3 | |
| Freezing Breath | 1 | |
| Destroyer Form | 1 | |
9 total
» buildings
| Graveyard | 1 | |
| Crypt | 2 | |
| Altar of Darkness | 2 | |
| Ziggurat | 21 | |
| Tomb of Relics | 1 | |
| Nerubian Tower | 2 | |
| Halls of the Dead | 2 | |
| Necropolis | 2 | |
| Slaughterhouse | 1 | |
| Black Citadel | 2 | |
| Spirit Tower | 10 | |
| Sacrificial Pit | 1 | |
| Boneyard | 2 | |
49 total
» build order
00:10 Graveyard
00:22 Crypt
00:34 Altar of Darkness
00:51 Ziggurat
01:07 Tomb of Relics
01:52 Ziggurat
02:26 Nerubian Tower
03:58 Halls of the Dead
04:38 Ziggurat
06:11 Ziggurat
06:45 Necropolis
08:15 Crypt
09:19 Ziggurat
09:49 Slaughterhouse
10:16 Black Citadel
12:28 Ziggurat
12:32 Spirit Tower
13:06 Altar of Darkness
13:43 Spirit Tower
13:46 Ziggurat
13:49 Ziggurat
13:50 Ziggurat
13:52 Ziggurat
14:47 Nerubian Tower
15:25 Spirit Tower
16:03 Spirit Tower
17:49 Ziggurat
17:52 Ziggurat
18:23 Ziggurat
18:35 Ziggurat
18:43 Ziggurat
18:46 Ziggurat
18:56 Spirit Tower
19:16 Ziggurat
19:18 Spirit Tower
20:39 Spirit Tower
21:39 Ziggurat
22:32 Halls of the Dead
23:21 Spirit Tower
24:43 Necropolis
25:07 Spirit Tower
25:44 Sacrificial Pit
27:25 Black Citadel
27:51 Ziggurat
29:56 Boneyard
29:59 Boneyard
31:51 Ziggurat
31:53 Ziggurat
33:22 Spirit Tower
» items
| Rod of Necromancy | 1 | |
| Scroll of Town Portal | 5 | |
| Potion of Healing | 5 | |
| Potion of Mana | 1 | |
| Dust of Appearance | 3 | |
| Scroll of Healing | 2 | |
| Orb of Corruption | 1 | |
18 total
me_ftw (
yellow | 63 APM | 3126 actions | 49:47)
6 Archmage
3 Summon Water Elemental
2 Brilliance Aura
1 Mass Teleport
4 Mountain King
2 Storm Bolt
2 Bash
» actions
| Assign group hotkey | 60 | |
| Basic commands | 269 | |
| Build / train | 116 | |
| ESC pressed | 2 | |
| Enter build submenu | 55 | |
| Enter hero's abilities submenu | 10 | |
| Remove unit from queue | 3 | |
| Right click | 758 | |
| Select / deselect | 810 | |
| Select group hotkey | 881 | |
| Use ability | 161 | |
3126 total
» units
| Peasant | 11 | |
| Footman | 6 | |
| Rifleman | 7 | |
| Dragonhawk Rider | 18 | |
| Priest | 6 | |
| Gryphon Rider | 6 | |
| Spell Breaker | 5 | |
| Mortar Team | 8 | |
| Knight | 2 | |
69 total
» upgrades
| Long Rifles | 0 | |
| Priest Training | 2 | |
| Masonry | 3 | |
| Plating | 1 | |
| Cloud | 1 | |
| Swords | 1 | |
| Armor | 1 | |
| Magic Sentry | 1 | |
| Flare | 1 | |
| Gunpowder | 1 | |
12 total
» buildings
| Altar of Kings | 1 | |
| Barracks | 1 | |
| Farm | 11 | |
| Scout Tower | 21 | |
| Arcane Tower | 8 | |
| Blacksmith | 1 | |
| Lumber Mill | 1 | |
| Keep | 1 | |
| Arcane Vault | 1 | |
| Arcane Sanctum | 1 | |
| Gryphon Aviary | 2 | |
| Castle | 1 | |
| Guard Tower | 7 | |
| Workshop | 1 | |
| Town Hall | 1 | |
| Cannon Tower | 1 | |
60 total
» build order
00:14 Altar of Kings
00:24 Barracks
00:39 Farm
00:49 Farm
01:39 Scout Tower
01:50 Farm
02:12 Arcane Tower
02:27 Farm
02:55 Blacksmith
03:10 Lumber Mill
03:48 Keep
04:09 Arcane Vault
04:16 Farm
05:11 Farm
06:46 Arcane Sanctum
06:52 Gryphon Aviary
08:13 Farm
08:41 Castle
09:10 Farm
09:12 Farm
10:19 Farm
12:24 Gryphon Aviary
12:48 Scout Tower
12:52 Scout Tower
13:20 Scout Tower
13:21 Guard Tower
13:23 Scout Tower
13:56 Guard Tower
14:00 Scout Tower
14:41 Guard Tower
15:01 Farm
19:33 Workshop
20:01 Scout Tower
21:09 Arcane Tower
21:22 Scout Tower
21:56 Scout Tower
21:58 Guard Tower
22:33 Arcane Tower
23:03 Scout Tower
23:43 Town Hall
25:46 Scout Tower
25:52 Arcane Tower
26:25 Scout Tower
26:27 Scout Tower
26:39 Scout Tower
26:42 Scout Tower
26:43 Scout Tower
26:48 Scout Tower
26:56 Arcane Tower
27:18 Arcane Tower
27:29 Arcane Tower
27:42 Guard Tower
27:43 Guard Tower
29:41 Scout Tower
30:39 Arcane Tower
30:43 Scout Tower
32:24 Guard Tower
32:27 Scout Tower
32:47 Scout Tower
34:04 Cannon Tower
» items
| Scroll of Regeneration | 1 | |
| Scroll of Town Portal | 1 | |
2 total
Sea (
purple | 62 APM | 4235 actions | 67:59)
4 Priestess of the Moon
2 Trueshot Aura
2 Searing Arrows
» actions
| Assign group hotkey | 411 | |
| Basic commands | 139 | |
| Build / train | 326 | |
| Enter build submenu | 90 | |
| Enter hero's abilities submenu | 5 | |
| Give item / drop item | 1 | |
| Remove unit from queue | 4 | |
| Right click | 2031 | |
| Select / deselect | 735 | |
| Select group hotkey | 326 | |
| Use ability | 165 | |
4235 total
» units
| Wisp | 157 | |
| Huntress | 7 | |
| Dryad | 60 | |
| Hippogryph | 3 | |
| Glaive Thrower | 28 | |
| Rifleman | 2 | |
| Gryphon Rider | 20 | |
277 total
» upgrades
| Abolish Magic | 1 | |
| Strength of the Wild | 2 | |
| Reinforced Hides | 2 | |
| Ultravision | 1 | |
6 total
» buildings
| Altar of Elders | 2 | |
| Moon Well | 10 | |
| Ancient of War | 6 | |
| Hunter's Hall | 2 | |
| Ancient Protector | 54 | |
| Tree of Ages | 7 | |
| Ancient of Lore | 6 | |
| Tree of Life | 4 | |
| Ancient of Wind | 1 | |
| Ancient of Wonders | 1 | |
93 total
» build order
00:07 Altar of Elders
00:18 Moon Well
02:01 Ancient of War
02:02 Ancient of War
02:15 Hunter's Hall
02:19 Moon Well
02:54 Moon Well
03:18 Ancient Protector
03:32 Ancient Protector
06:02 Ancient Protector
06:06 Tree of Ages
06:06 Tree of Ages
06:07 Tree of Ages
06:07 Tree of Ages
06:24 Ancient Protector
08:58 Ancient Protector
09:31 Ancient of Lore
09:35 Ancient of Lore
09:52 Ancient Protector
12:09 Tree of Life
13:02 Ancient Protector
13:06 Ancient Protector
13:10 Ancient Protector
13:13 Ancient Protector
13:25 Ancient Protector
14:20 Ancient Protector
14:41 Moon Well
14:53 Ancient Protector
15:35 Ancient of Wind
15:41 Ancient of Wonders
17:38 Tree of Life
17:47 Ancient Protector
17:51 Ancient Protector
17:54 Ancient Protector
17:58 Ancient Protector
18:04 Ancient Protector
20:18 Moon Well
20:20 Moon Well
21:11 Tree of Life
21:23 Ancient Protector
21:39 Ancient Protector
21:44 Ancient Protector
21:48 Ancient Protector
21:53 Ancient Protector
22:11 Ancient Protector
23:43 Tree of Life
23:46 Ancient Protector
23:51 Ancient Protector
23:55 Ancient Protector
23:59 Ancient Protector
24:44 Ancient Protector
24:48 Ancient Protector
25:15 Ancient Protector
25:19 Ancient Protector
25:26 Ancient Protector
25:33 Ancient Protector
26:27 Ancient Protector
26:54 Ancient Protector
26:59 Ancient Protector
27:04 Ancient Protector
27:09 Ancient Protector
27:14 Ancient Protector
27:19 Ancient Protector
29:52 Ancient Protector
29:59 Ancient Protector
30:07 Ancient Protector
30:11 Ancient Protector
30:25 Ancient Protector
30:34 Ancient Protector
31:17 Ancient Protector
31:26 Ancient Protector
32:26 Tree of Ages
32:27 Tree of Ages
32:34 Ancient of War
32:44 Ancient of War
33:09 Altar of Elders
33:24 Ancient of War
33:41 Hunter's Hall
34:17 Ancient of War
34:49 Ancient of Lore
35:00 Ancient of Lore
36:44 Ancient of Lore
36:48 Ancient of Lore
37:36 Moon Well
37:38 Moon Well
37:41 Moon Well
37:44 Moon Well
43:08 Ancient Protector
43:12 Ancient Protector
43:17 Ancient Protector
46:25 Ancient Protector
59:17 Ancient Protector
Chat log
(00:09 / Allies) digitaljesus: someone towa me
(00:11 / Allies) fineX.: erz tower dj
(00:13 / Allies) fineX.: im too lazy
(00:45 / Allies) fineX.: erz do you live in cranberry
(00:49 / Allies) erz: no
(00:56 / Allies) fineX.: where do u live
(01:47 / Allies) fineX.: were gonna need 160 food bats
(02:10 / All) digitaljesus: gg gl hf
(02:14 / All) me_ftw: u2
(04:51 / Allies) fineX.: we cant militia creep
(04:52 / Allies) fineX.: ...
(04:56 / Allies) erz: o snap
(06:27 / Allies) fineX.: no tru sight towers
(06:38 / Allies) digitaljesus: welp
(07:23 / Allies) digitaljesus: nice
(07:24 / Allies) erz: jack that
(07:34 / All) digitaljesus: thx for mana stone
(07:40 / All) Computer(Suck): np frnd
(07:43 / All) digitaljesus: :)
(07:48 / All) digitaljesus: you are friendly guys
(07:51 / All) digitaljesus: this will be a swell game
(08:02 / Allies) erz: get dk
(08:06 / Allies) erz: if u got mana
(08:20 / Allies) digitaljesus: now the shops will spawn goodies
(08:42 / Allies) erz: thats gay
(09:12 / Allies) erz: creepin it when my hero spawn
(09:12 / Allies) digitaljesus: died getting my orb of frost
(09:15 / Allies) digitaljesus: because im a dumb noob
(09:20 / Allies) fineX.: tru dat
(11:08 / Allies) fineX.: lol creepjacked + orb of frost
(11:08 / Allies) digitaljesus: orb of frost and hella xp
(11:09 / Allies) digitaljesus: hell yeah
(11:18 / Allies) erz: gayyy
(11:21 / Allies) erz: i die a lot this game
(12:19 / Allies) erz: u didnt make much towrs
(12:23 / Allies) fineX.: i did
(12:25 / Allies) fineX.: but spread out
(13:08 / Allies) fineX.: orb of frost in shop
(13:09 / Allies) fineX.: erz
(13:10 / Allies) digitaljesus: yo nig
(13:12 / Allies) digitaljesus: yo orb
(13:13 / Allies) erz: i dont wan tit
(13:20 / Allies) digitaljesus: going light?
(13:24 / Allies) fineX.: kill all acos
(13:26 / Allies) erz: ya
(14:04 / Allies) erz: make towers!
(14:09 / Allies) digitaljesus: seriously
(14:18 / Allies) fineX.: im gettin both kinds of orbs
(14:27 / Allies) fineX.: cuz im pro
(14:37 / Allies) digitaljesus: gonna play moonwell madness
(14:43 / Allies) digitaljesus: since its a marketmap
(15:17 / Allies) erz: so is ud out of da game or wut
(15:21 / Allies) fineX.: yes
(15:22 / Allies) fineX.: i think so
(15:24 / Allies) fineX.: unless he expoed
(15:34 / Allies) digitaljesus: hahaha
(15:36 / Allies) digitaljesus: nice
(16:13 / Allies) erz: he did
(16:16 / Allies) fineX.: wow
(16:24 / Allies) erz: lotta towers there
(17:14 / Allies) erz: finex bat those
(17:41 / Allies) fineX.: its better if we let them start running their units in to towers
(17:49 / Allies) fineX.: let them get that one, for a whole bunch of units
(18:45 / Allies) erz: rofl
(20:29 / Allies) fineX.: tower dat
(20:30 / Allies) fineX.: erz
(20:37 / Allies) digitaljesus: creeping this now
(22:26 / Allies) fineX.: we need to bat them
(22:44 / Allies) fineX.: red
(22:45 / Allies) fineX.: come
(22:47 / Allies) fineX.: purps main
(22:49 / Allies) erz: cant do much to them
(22:50 / Allies) fineX.: u take the towers
(22:52 / Allies) fineX.: ill get the main
(22:58 / Allies) digitaljesus: mains running low
(27:28 / Allies) erz: we got outexpod by nightelfs
(28:23 / Allies) erz: flee
(28:24 / Allies) erz: they can see u
(28:25 / Allies) erz: lolol
(28:31 / Allies) digitaljesus: i am a warden
(28:38 / Allies) erz: i mean the bm
(29:03 / Allies) fineX.: we p. much lose..
(29:08 / Allies) digitaljesus: shut up
(32:50 / Allies) digitaljesus: ankh worth it yes/no
(32:55 / Allies) erz: doubt it
(32:56 / Allies) fineX.: i need gold
(33:01 / Allies) digitaljesus: then another claw it is
(33:03 / Allies) fineX.: erz
(33:05 / Allies) fineX.: gimme gold
(33:18 / Allies) fineX.: thx
(33:19 / Allies) digitaljesus: we need to be careful with cash
(33:22 / Allies) digitaljesus: until we get an expo
(33:43 / Allies) erz: these guys are decent unfortunately
(34:11 / Allies) digitaljesus: they are all under 50 food
(34:20 / Allies) digitaljesus: they are gonna bleed us out
(34:58 / Allies) erz: when my mines out im going 100 food
(36:02 / Allies) erz: no human really screws us
(36:07 / Allies) fineX.: told u
(36:13 / Allies) erz: even if we kill them we got no cloud for towas
(36:17 / Allies) digitaljesus: we wont win this
(36:22 / Allies) digitaljesus: they are staying under upkeep
(36:23 / Allies) fineX.: re serach?
(36:24 / Allies) erz: ya
(36:30 / Allies) erz: wait
(36:31 / Allies) digitaljesus: mine as well
(36:33 / Allies) erz: going 100 food rq
(36:39 / Allies) digitaljesus: lets just push an expo
(36:41 / Allies) digitaljesus: see what happens
(36:43 / Allies) digitaljesus: if we can get two
(36:46 / Allies) digitaljesus: we are still in it
(36:46 / Allies) digitaljesus: if not
(36:47 / Allies) digitaljesus: welp
(40:08 / All) Sea: its over leave
(40:12 / All) Sea: u guys lost
(40:50 / Allies) erz: here goes nothing
(41:24 / Allies) fineX.: hit me
(41:34 / Allies) fineX.: gogogo
(41:51 / Allies) fineX.: share
(41:52 / Allies) fineX.: noob
(42:41 / Allies) fineX.: lvl 10
(42:43 / Allies) fineX.: 500 crits
(42:47 / Allies) digitaljesus: almost 9
(42:51 / Allies) digitaljesus: tower here
(42:51 / Allies) digitaljesus: stat
(42:57 / Allies) fineX.: i got nothing
(43:11 / Allies) digitaljesus: you want to red?
(43:12 / Allies) digitaljesus: or me?
(43:17 / Allies) digitaljesus: you got the cash
(43:19 / Allies) fineX.: let erz
(43:22 / Allies) digitaljesus: but are in 100 upkeep
(43:24 / Allies) digitaljesus: so ill expand
(43:25 / Allies) digitaljesus: you tower it
(43:29 / Allies) fineX.: ya
(43:37 / Allies) digitaljesus: sending wisp
(44:16 / Allies) erz: its out
(46:10 / Allies) fineX.: welp
(46:15 / Allies) digitaljesus: need money
(46:16 / Allies) digitaljesus: asap
(46:20 / Allies) digitaljesus: for hero revive
(46:33 / Allies) digitaljesus: get that
(46:40 / Allies) erz: use chims next fight
(46:48 / Allies) erz: im outa gol dpretty much
(48:00 / All) Computer(Suck): Is this fun for you guys?
(48:04 / All) fineX.: hell yeah
(48:05 / All) erz: yes
(48:08 / All) fineX.: you kidding me?
(48:08 / All) digitaljesus: ya
(48:18 / Allies) digitaljesus: keep heroes at that expo
(48:22 / Allies) digitaljesus: its like the last gold of the map
(49:50 / Allies) fineX.: sw8
(49:57 / Allies) erz: dont take my wells
(49:58 / Allies) erz: faggot
(50:08 / Allies) fineX.: owned nigger
(50:20 / Allies) digitaljesus: pretty lol
(50:24 / Allies) digitaljesus: even with their pre-emptive gg
(50:36 / All) Computer(Suck): gg I guess
(50:41 / All) erz: gg
(50:41 / All) digitaljesus: hahaha
(50:44 / All) digitaljesus: you called gg
(50:45 / All) digitaljesus: yet lose
(50:47 / All) digitaljesus: how ironic
(51:03 / Allies) fineX.: gimme 500 gold
(51:03 / Allies) fineX.: plz
(51:52 / Allies) erz: they got some gold there but not much
(51:57 / Allies) erz: make units
(51:59 / Allies) erz: well
(52:01 / Allies) erz: or give me gold for units
(52:06 / Allies) digitaljesus: makin chims
(52:09 / Allies) fineX.: dont give erz gold
(52:12 / Allies) fineX.: hell get like 40
(52:58 / Allies) erz: rofl
(54:10 / Allies) fineX.: erz u owe me a claws +15
(54:14 / Allies) erz: why
(54:17 / Allies) erz: i gave you one before
(54:18 / Allies) erz: for free
(54:19 / Allies) erz: faggot
(54:22 / Allies) fineX.: o
(54:43 / All) fineX.: "you lost"
(54:45 / Allies) digitaljesus: gonna finish those off
(54:47 / All) fineX.: "leave"
(54:49 / All) digitaljesus: plz leave
(54:55 / All) digitaljesus: its bad manner to stay when you have lost
(54:58 / All) Sea: u leave
(55:02 / All) fineX.: we didnt lose
(55:07 / All) fineX.: never called pre-emptive gg!
(55:13 / All) Sea: towering is gay
(55:20 / All) Sea: u made the game take forever
(55:21 / All) digitaljesus: you have towers
(55:21 / All) fineX.: like you
(55:23 / All) erz: you guys made a lot of towers
(55:27 / All) digitaljesus: you called yourself gay
(55:28 / All) Sea: becasue u went towerS
(55:28 / All) fineX.: and you have towers too! more than me maybe
(55:32 / All) Sea: so i had to tower
(55:34 / All) erz: siege beats towers
(55:38 / All) erz: towers dont beat towers,,, silly!
(55:40 / All) fineX.: ^^^ tru dat
(55:43 / All) digitaljesus: this game proves that
(55:47 / All) fineX.: hes from cranberry and he one upped you
(56:01 / Allies) erz: 100food of orc is pretty nice
(56:08 / Allies) erz: who would have thought
(56:11 / Allies) erz: a real army would be useful
(56:12 / Allies) digitaljesus: especially against mass anti air
(56:55 / Allies) erz: detonate wisps if u need food
(56:58 / Allies) erz: u have a fuckload of lum
(57:08 / Allies) digitaljesus: killing my own units
(57:11 / Allies) digitaljesus: is savage
(57:39 / All) fineX.: whats that, like number 21?
(57:51 / All) fineX.: 21st time your potm has died to Jubei
(58:04 / All) Sea: i let u destroy everything since u played gay and towered
(58:10 / All) fineX.: u towered
(58:11 / All) digitaljesus: nice excuse
(58:11 / All) erz: such horrible manners
(58:13 / All) Sea: peace i afk
(58:14 / All) fineX.: what all those towers over there
(58:21 / All) Sea: i surfing the net now
(58:25 / All) fineX.: no you're not
(58:27 / All) fineX.: you're in wc
(58:29 / All) fineX.: you're talking
(58:32 / All) erz: On a surfboard???
(58:44 / All) erz: are you riding into cyber space/
(58:48 / Allies) digitaljesus: gonna clean up w/ chims
(59:01 / Allies) digitaljesus: the most unused unit this game
(59:09 / Allies) erz: gold me and ill make some puls
(59:11 / Allies) erz: pults
(59:18 / All) fineX.: thought you were afk
(59:19 / All) fineX.: faggot
(59:29 / All) fineX.: first bad manner, then lie
(59:31 / All) fineX.: my oh my
(60:00 / All) fineX.: you liar!!
(60:40 / All) fineX.: so many blademasters
(60:47 / All) digitaljesus: how can you lose
(60:50 / All) digitaljesus: to just blademasters
(60:53 / All) digitaljesus: a mystery indeed
(60:57 / All) fineX.: and so many faggots on the left side of the map
(61:12 / All) fineX.: lying faggots
(62:43 / Allies) erz: 50 gold
(62:58 / All) erz: do u see how easily siege beats towers???
(63:04 / All) fineX.: yeah
(63:07 / All) fineX.: wish i made siege!
(63:12 / All) fineX.: instead of lying about afk!
(63:20 / All) fineX.: and calling pre-emptive ggs!
(66:31 / Allies) digitaljesus: leave one building up for a little bit
(66:38 / Allies) erz: ok
(66:39 / All) digitaljesus: lmao
(66:41 / All) digitaljesus: look at this
(66:42 / Allies) erz: leave the shade pit
(67:00 / All) digitaljesus: how does it feel
(67:08 / All) fineX.: to be a nobo
(67:27 / Allies) digitaljesus: we have no money to do any kind of gimmick
(67:36 / Allies) digitaljesus: may as well kill it :|